 Dungeon Crawl Stone Soup version 0.32-a0-960-g3814254bd7 (webtiles) character file.

Game seed: 6887724076889310045

233 trashops the Ruffian (level 5, -3/42 HPs)
             Began as a Draconian Shapeshifter on Apr 17, 2024.
             Succumbed to a kobold brigand's curare-tipped dart
             ... on level 4 of the Dungeon.
             The game lasted 00:05:29 (2274 turns).

trashops the Ruffian (Draconian Shapeshifter)       Turns: 2274, Time: 00:05:30

Health: -3/42      AC:  5    Str: 19    XL:     5   Next: 74%
Magic:  6/14       EV: 11    Int: 10    God:
Gold:   159        SH:  0    Dex: 10    Spells: 4/4 levels left

rFire   . .          .
                       - Unarmed
rCold   . . .        (no shield)
rNeg    . . .        (body armour unavailable)
rPois   .            (helmet currently unavailable)
rElec   .            (cloak currently unavailable)
rCorr   .            (gloves currently unavailable)
SInv    .            (boots currently unavailable)
Will    .....        j - amulet of guardian spirit
Stlth   +            h - ring of magical power
HPRegen 0.27/turn    (no ring)
MPRegen 0.14/turn

%: guardian spirit
@: lethally poisoned (-3 -> -13), beast-form, slowed, very slow
A: beast (slay +2), AC +5, unfitting armour, cold-blooded
a: Begin Untransformation


You were on level 4 of the Dungeon.
You were a hulking beast.
You visited 1 branch of the dungeon, and saw 4 of its levels.

You collected 159 gold pieces.

Inventory:

Armour
 d - a +0 cloak
Jewellery
 h - a ring of magical power (left hand)
 j - an amulet of guardian spirit (around neck)
 o - an amulet of regeneration
Talismans
 b - a beast talisman (active)
 c - a flux talisman
 q - a maw talisman
Scrolls
 f - 2 scrolls of identify
 g - 2 scrolls of blinking
 m - a scroll of butterflies {unknown}
 n - a scroll of brand weapon {unknown}
Potions
 a - 2 potions of lignification
 e - a potion of curing {unknown}
 i - a potion of magic
 k - a potion of degeneration
 l - a potion of brilliance {unknown}
 p - a potion of heal wounds {unknown}
 r - a potion of enlightenment {unknown}


   Skills:
 + Level 2.4 Fighting
 + Level 2.9 Dodging
 + Level 0.1 Stealth
 + Level 5.0 Unarmed Combat
 * Level 3.7 Shapeshifting


You had 4 spell levels left.
You didn't know any spells.
Your spell library contained the following spells:

 Spells                   Type           Power      Damage    Failure   Level
 Frozen Ramparts          Ice            0%         1d1       75%         3
 Ozocubu's Armour         Ice            0%         N/A       75%         3
 Metabolic Englaciation   Hex/Ice        0%         N/A       100%        5


Dungeon Overview and Level Annotations

Branches:
Dungeon (4/15)
 Temple: D:4-7

Altars:
Zin


Innate Abilities, Weirdness & Mutations

You are a hulking beast.
Your limbs bulge with bestial killing power. (Slay +2)
Your plain brown scales are hard. (AC +5)
You cannot fit into any form of body armour.
You are cold-blooded and may be slowed by cold attacks.


Message History

The curare-tipped dart hits you.
You are poisoned.
You have difficulty breathing.
You feel yourself slow down.
There is an open door here.
You feel extremely sick. The dart slug closely misses you.
You hit the dart slug. You tail-slap the dart slug.
The dart slug is heavily wounded.
You feel very sick. The dart slug closely misses you.
The orc shouts!
You punch the dart slug!
You kill the dart slug!
You feel very sick.
The kobold brigand throws a curare-tipped dart.
The curare-tipped dart hits you.
You are more poisoned.
You have difficulty breathing.
You feel as though you will be slow longer.
You feel very sick.
The kobold brigand throws a curare-tipped dart.
The curare-tipped dart hits you.
You are lethally poisoned!
You have difficulty breathing.
You feel as though you will be slow longer.
You barely miss the kobold brigand.
Your tail-slap misses the kobold brigand.
* * * LOW HITPOINT WARNING * * *
You feel very sick.
The kobold brigand hits you but does no damage.
You closely miss the kobold brigand.
* * * LOW HITPOINT WARNING * * *
You feel very sick.
The kobold brigand hits you with a +0 club!
* * * LOW HITPOINT WARNING * * *
The orc misses you.
You punch the kobold brigand!
Your tail-slap misses the kobold brigand.
The kobold brigand is moderately wounded.
You die...

#.....# #....##+###
#.....####...........
#....................
#....................
#....................
######...............
#....'.†..##+####...#
#....#.†..# ....#...
#....#h(..# ...+..
##'###K...#####..#
#.......o.#..##<.##+##
.'.........#..o.......#
..#.........'.$........#
#..#.........#.......?..#
#. #.....#####..###.#####
#..... #..# .# '.....
..... ..


You could see a kobold brigand and an orc.

Vanquished Creatures
  A howler monkey (D:4)
  An iguana (D:3)
  3 gnolls (D:3)
  7 adders
  2 ribbon worms
  2 dart slugs
  An orc (D:4)
  4 endoplasms
  4 giant cockroaches
  5 goblins
  A hobgoblin (D:2)
  10 jackals
  6 kobolds
  6 quokkas
  3 ball pythons
  3 bats
  A frilled lizard (D:1)
  8 rats
68 creatures vanquished.

Notes
Turn   | Place    | Note
-------+----------+-------------------------------------------
     0 | D:1      | trashops the Draconian Shapeshifter began the quest for the
                  | Orb.
     0 | D:1      | Reached XP level 1. HP: 16/16 MP: 1/1
   159 | D:1      | Reached XP level 2. HP: 19/23 MP: 2/2
   712 | D:2      | Reached XP level 3. HP: 18/28 MP: 3/3
   844 | D:2      | Found a glowing silver altar of Zin.
   991 | D:2      | Reached skill level 4 in Unarmed Combat
  1590 | D:3      | Reached XP level 4. HP: 36/36 MP: 4/4
  1634 | D:3      | Found a faded altar of an unknown god.
  1719 | D:3      | Reached XP level 5. HP: 22/41 MP: 5/5
  2172 | D:3      | Reached skill level 5 in Unarmed Combat
  2273 | D:4      | HP: 1/42 [kobold brigand/+0 club (3)]
  2274 | D:4      | Succumbed to a kobold brigand's curare-tipped dart

Illustrated notes

Levels and vault maps discovered:
D:1:      lightli_arrival_lavapool, layout_loops_ring, kennysheep_another_room,
          minmay_tetromino_t2
D:2:      layout_rooms, basic_altar, due_unseen_surprise
D:3:      layout_loops_ring, hellmonk_ecumenical_altar_arch_garden
D:4:      layout_gridville, nicolae_dithmenos_the_darkroom,
          minmay_temple_entry_arrows, sigmund_army

Skill      XL: |  1  2  3  4  5 |
---------------+----------------+-----
Dodging        | 2 |  2.9
Unarmed Combat | 4 5 |  5.0
Fighting       | 2 |  2.4
Stealth        | |  0.1
Shapeshifting  | |  3.7

Action                     |  1- 3 |  4- 6 || total
---------------------------+-------+-------++-------
  Melee: Unarmed           |   148 |    84 ||   232
         Tailslap          |     9 |    10 ||    19
         Punch             |     4 |     2 ||     6
    Use: Scroll            |     5 |       ||     5
   Stab: Sleeping          |       |     1 ||     1
 Armour: Skin              |   134 |    66 ||   200
  Dodge: Dodged            |   138 |    62 ||   200

Table legend: (Time is in decaauts)
 A = Elapsed time spent in this place.
 B = Non-inter-level travel time spent in this place.
 C = Inter-level travel time spent in this place.
 D = Time resting spent in this place.
 E = Time spent auto-exploring this place.
 F = Levels seen in this place.
 G = Mean time per level.
                   A        B        C        D        E       F      G
               +--------+--------+--------+--------+--------+-----+--------+
         Total |   2259 |   2118 |    141 |    177 |   1396 |   4 |  564.8 |
       Dungeon |   2259 |   2118 |    141 |    177 |   1396 |   4 |  564.8 |
               +--------+--------+--------+--------+--------+-----+--------+

Top non-repeatable levels by time:
     D:3: 939 daAuts
     D:1: 695 daAuts
     D:2: 519 daAuts
     D:4: 105 daAuts
